 Dungeon Crawl Stone Soup version 0.22-a0-32-ga749362 (webtiles) character file.

78703 4thArraOfDagon the Spear-Bearer (level 15, -5/115 HPs)
             Began as a Mummy Enchanter on Jan 3, 2018.
             Was a High Priest of Makhleb.
             Slain by a dire flail of protection (23 damage)
             ... on level 2 of the Elven Halls.
             The game lasted 01:25:43 (17337 turns).

4thArraOfDagon the Spear-Bearer (Mummy Enchanter)  Turns: 17337, Time: 01:25:44

Health: -5/115     AC: 17    Str: 11    XL:     15   Next: 18%
Magic:  33/33      EV: 16    Int: 23    God:    Makhleb [*****.]
Gold:   2773       SH:  0    Dex: 14    Spells: 15/26 levels left

rFire    . . .     SeeInvis .   L - +11 lajatang of the Countless Stars {flame, rF+ Int+3}
rCold    + . .     Gourm    .   (shield currently unavailable)
rNeg     + + +     Faith    .   G - +4 troll leather armour
rPois    ∞         Spirit   .   K - +2 hat
rElec    .         Reflect  .   w - +2 cloak
rCorr    +         Harm     .   t - +0 pair of gloves
MR       +....                  F - +0 pair of boots
Stlth    ++........             (no amulet)
HPRegen  0.69/turn              B - ring of resist corrosion
MPRegen  0.23/turn              N - ring of magical power

@: about to teleport
A: no food or potions, fire vulnerability, cold resistance 1, negative energy
resistance 3, torment resistance, unbreathing, in touch with death 1
a: Minor Destruction, Lesser Servant of Makhleb, Major Destruction, Greater
Servant of Makhleb, Renounce Religion


You were on level 2 of the Elven Halls.
You worshipped Makhleb.
Makhleb was extremely pleased with you.
You were not hungry.

You visited 4 branches of the dungeon, and saw 23 of its levels.
You also visited: Labyrinth, Bailey and Volcano.

You collected 2773 gold pieces.

Inventory:

Hand Weapons
 a - a +1 dagger
 g - a +2 vampiric dagger
 p - the +5 dagger of the Original Sin {venom, rElec}
   (You took it off a crimson imp on level 5 of the Dungeon)

   It poisons the flesh of those it strikes.
   It insulates you from electricity.
 z - a +3 blowgun
 E - a +1 demon trident of electrocution
 I - a +3 scimitar of flaming
 L - the +11 lajatang of the Countless Stars (weapon) {flame, rF+ Int+3}
   (You found it in a labyrinth)

   It has been specially enchanted to burn those struck by it, causing extra
   injury to most foes and up to half again as much damage against particularly
   susceptible opponents.
   Big, fiery blades are also staple armaments of hydra-hunters.
   It affects your intelligence (+3).
   It protects you from fire.
 R - the +10 shortbow of Integrity {freeze, rElec rC+ rN+}
   (You found it in a labyrinth)

   It causes projectiles fired from it to freeze those they strike, causing
   extra injury to most foes and up to half again as much damage against
   particularly susceptible opponents.
   They can also slow down cold-blooded creatures.
   It protects you from cold.
   It insulates you from electricity.
   It protects you from negative energy.
 X - a +2 lajatang of speed
Missiles
 A - 7 curare-tipped needles
Armour
 b - a +0 robe
 d - a +2 hat
 j - a +0 ring mail
 n - a +1 chain mail of fire resistance
 q - a +2 chain mail of fire resistance
 s - a +1 leather armour of fire resistance
 t - a +0 pair of gloves (worn)
 w - a +2 cloak (worn)
 F - a +0 pair of boots (worn)
 G - a +4 troll leather armour (worn)
 K - a +2 hat (worn)
 S - +2 ice dragon scales
Magical Staves
 m - an uncursed staff of fire
Jewellery
 B - a ring of resist corrosion (left hand)
 N - a ring of magical power (right hand)
 Q - an uncursed ring of ice
Wands
 e - a wand of random effects (19)
 l - a wand of enslavement (16)
 y - a wand of paralysis (6)
 D - a wand of flame (53)
 J - a wand of polymorph (13)
 O - a wand of acid (8)
 U - a wand of iceblast (22)
Scrolls
 h - 10 scrolls of remove curse
 i - 3 scrolls of fog
 k - 2 scrolls of blinking
 o - 5 scrolls of amnesia
 r - a scroll of summoning
 u - 3 scrolls of noise
 v - a scroll of immolation
 x - a scroll of silence
 C - 3 scrolls of teleportation
 P - 2 scrolls of enchant armour
 Y - a scroll of vulnerability
Books
 c - a book of Maledictions

   Spells                             Type                      Level
   a - Corona                         Hexes                        1
   b - Ensorcelled Hibernation        Hexes/Ice                    2
   c - Confuse                        Hexes                        3
   d - Tukima's Dance                 Hexes                        3
   e - Dazzling Spray                 Conjuration/Hexes            3
 H - a book of Dreams

   Spells                             Type                      Level
   a - Ensorcelled Hibernation        Hexes/Ice                    2
   b - Borgnjor's Vile Clutch         Necromancy/Earth             5
   c - Silence                        Hexes/Air                    5
   d - Darkness                       Hexes                        6
   e - Shadow Creatures               Summoning                    6
 V - a book of Unlife

   Spells                             Type                      Level
   a - Recall                         Summoning/Translocation      3
   b - Animate Dead                   Necromancy                   4
   c - Borgnjor's Vile Clutch         Necromancy/Earth             5
   d - Death Channel                  Necromancy                   6
   e - Simulacrum                     Ice/Necromancy               6
Miscellaneous
 M - a sack of spiders
 W - a crystal ball of energy


   Skills:
 - Level 10.1 Fighting
 - Level 4.0 Short Blades
 - Level 14.0(14.2) Polearms
 * Level 4.7(10.4) Staves
 - Level 7.1 Armour
 - Level 7.4 Dodging
 - Level 2.4 Stealth
 + Level 6.3 Spellcasting
 - Level 6.3 Hexes
 * Level 6.4 Necromancy
 * Level 5.4 Earth Magic
 - Level 4.0 Invocations


You had 15 spell levels left.
You knew the following spells:

 Your Spells              Type           Power        Failure   Level  Hunger
a - Corona                Hex            #####..      1%          1    N/A
b - Ensorcelled Hibernat  Hex/Ice        ###...       4%          2    N/A
c - Confuse               Hex            #####...     2%          3    N/A
d - Borgnjor's Vile Clut  Necr/Erth      ######....   26%         5    N/A

Dungeon Overview and Level Annotations

Branches:
Dungeon (12/15)            Temple (0/1) D:4            Lair (6/6) D:10
 Shoals (0/4) Lair:3        Snake (0/4) Lair:4        Slime (0/5) Lair:6
    Orc (2/2) D:9             Elf (3/3) Orc:2

Altars:
Cheibriados
Hepliaklqana
Makhleb
Vehumet
Jiyva

Shops:
Orc:2 :(%!

Portals:
Pandemonium: Orc:2

Annotations:
D:4 kal9871's ghost, amateur DrTm
D:6 Squigly's ghost, novice DECj
D:12 Azrael


Innate Abilities, Weirdness & Mutations

You do not eat or drink.
Your flesh is vulnerable to fire.
You are immune to poison.
Your flesh is cold resistant. (rC+)
You are immune to negative energy. (rN+++)
You are immune to unholy pain and torment.
You can survive without breathing.
You are in touch with the powers of death.


Message History

Your quasit misses the dire flail of protection. x3
A deep elf mage comes into view. It is wielding a dagger.
Unknown command.
Unknown command.
Unknown command.
The dire flail of protection hits your shadow imp!!
Your shadow imp dies!
Your shadow imp closely misses the halberd of venom.
Your hellwing closely misses the halberd of venom.
Your hellwing misses the halberd of venom.
Your neqoxec hits the halberd of venom but does no damage.
The deep elf mage gestures wildly while chanting.
The halberd of venom hits you from afar!
* * * LOW HITPOINT WARNING * * *
The dire flail of protection closely misses you.
Unknown command.
Unknown command.
Unknown command.
The dire flail of protection hits you!!
You die...

###########
..........##
...e..eY5(.##
......e4(3(@##
......##5....#
....# ##....#
... ##)..# .
.## ##...##
...##...##
..........##
...........##
............#


You could see a deep elf knight, a deep elf mage, an ice beast, 3 dancing
weapons, a friendly hellwing, a friendly neqoxec, a friendly quasit and a
friendly shadow imp.

Vanquished Creatures
  A deep elf demonologist (Elf:3)
  A deep elf death mage (Elf:3)
  3 hydras
  3 two-headed ogres
  A centaur warrior (Volcano)
  4 dancing weapons
  6 orc high priests (Orc:2)
  Nergalle (D:9)
  Sonja (D:10)
  3 deep elf knights
  2 torturous demonspawn (Orc:2)
  An unseen horror (D:11)
  3 deep elf archers (Elf:1)
  A swamp dragon (Lair:6)
  2 orc knights (Orc:2)
  Pikel (D:3)
  A lindwurm (Lair:2)
  9 deep elf magi
  A harpy (D:12)
  5 oklob plants
  2 orc sorcerers (Orc:2)
  3 elephants (Lair:3)
  2 torpor snails (Lair:1)
  2 black mambas
  10 spiny frogs
  2 orange demons
  A molten gargoyle (Volcano)
  A centaur skeleton (D:10)
  2 yaktaurs (Volcano)
  3 kobold demonologists (D:10)
  5 komodo dragons
  4 rime drakes
  2 red devils
  3 trolls
  11 polar bears
  7 raiju (Lair:6)
  Grinder (D:6)
  4 hippogriffs
  8 blink frogs
  4 shadows (Lab)
  51 yaks
  4 wyverns
  A water elemental (Elf:1)
  A basilisk (Lair:1)
  6 fire bats (Volcano)
  3 hogs (D:7)
  6 hungry ghosts
  2 fire elementals
  A steam dragon (Lair:6)
  A human (D:7)
  A neqoxec (Orc:2)
  5 wargs
  2 acid dragons (Lair:6)
  10 hell hounds (Lair:6)
  5 water moccasins
  10 porcupines
  A swamp drake (Lair:6)
  28 orc warriors
  9 black bears (Lair:6)
  A sky beast (D:10)
  2 ice beasts
  4 necrophages
  A phantom (D:9)
  8 ogres
  7 centaurs
  30 wolves
  10 crocodiles
  2 big kobolds
  7 bullfrogs
  An earth elemental (Elf:1)
  3 scorpions
  A wight (D:9)
  2 electric eels
  5 howler monkeys
  4 crimson imps
  2 centaur zombies
  5 lava snakes (Volcano)
  2 bullfrog zombies
  6 hounds
  A quasit (D:10)
  3 jellies
  22 orc priests
  A bullfrog skeleton (D:7)
  6 iguanas
  11 orc wizards
  8 worker ants
  17 gnolls
  A howler monkey skeleton (D:8)
  8 adders
  5 shadow imps
  4 oozes
  3 worms
  7 leopard geckos
  80 orcs
  4 bats
  A giant cockroach (D:2)
  4 goblins (D:1)
  11 hobgoblins
  10 jackals
  4 quokkas
  A ball python (D:1)
  A ball python skeleton (D:5)
  5 frilled lizards
  A giant cockroach zombie (D:6)
  18 kobolds
  A quokka skeleton (D:7)
  3 rats (D:2)
  2 butterflies
  2 plants
622 creatures vanquished.

Vanquished Creatures (collateral kills)
  Gastronok (Lair:2)
  A minotaur (Lab)
  A fire dragon (Lair:6)
  An anaconda (Lair:6)
  A dancing weapon (Elf:3)
  3 orc high priests (Orc:2)
  A hell knight (Volcano)
  3 deep elf knights
  2 deep elf archers (Elf:3)
  2 deep elf magi (Elf:3)
  2 orc knights (Orc:2)
  An orc sorcerer (Orc:2)
  A wolf spider (D:12)
  A smoke demon (Orc:2)
  A torpor snail (Lair:6)
  A molten gargoyle (Volcano)
  An orange demon (D:11)
  An efreet (D:12)
  2 yaktaurs
  2 trolls
  A red devil (D:11)
  A wraith (D:12)
  A vampire (D:11)
  Grum (D:11)
  A basilisk (Lair:6)
  2 steam dragons (Lair:6)
  A warg (Lair:6)
  A hell hound (D:12)
  4 orc warriors (Orc:2)
  An ice beast (D:11)
  2 black bears (Lair:6)
  2 centaurs (D:11)
  An earth elemental (Elf:3)
  A scorpion (D:12)
  3 wights (D:9)
  3 orc priests (Orc:2)
  A hound zombie (D:9)
  A worker ant zombie (D:11)
  An adder (D:12)
  A shadow imp (D:12)
  2 orcs (D:11)
  A plant (Lair:6)
62 creatures vanquished.

Vanquished Creatures (others)
  A yak (D:12)
  A bullfrog zombie (D:5)
  A statue (D:5)
  An orc (D:5)
  3 fungi (Lair:5)
  15 plants
22 creatures vanquished.

Grand Total: 706 creatures vanquished

Notes
Turn   | Place    | Note
-------+----------+-------------------------------------------
     0 | D:1      | 4thArraOfDagon the Mummy Enchanter began the quest for the Orb.
     0 | D:1      | Reached XP level 1. HP: 13/13 MP: 4/4
    74 | D:2      | Reached skill level 1 in Short Blades
    80 | D:2      | Found a burning altar of Makhleb.
    80 | D:2      | Noticed a balrug
    87 | D:2      | Noticed a ynoxinul
    87 | D:2      | Noticed a neqoxec
    89 | D:2      | Became a worshipper of Makhleb the Destroyer
   298 | D:1      | Reached XP level 2. HP: 8/19 MP: 5/5
   310 | D:1      | Learned a level 2 spell: Ensorcelled Hibernation
  1162 | D:3      | Reached XP level 3. HP: 24/24 MP: 7/7
  1173 | D:3      | Learned a level 3 spell: Confuse
  1287 | D:3      | Reached * piety under Makhleb
  1504 | D:4      | Reached XP level 4. HP: 23/30 MP: 1/8
  1700 | D:4      | NormalPerson7: arra, can i check, death channel is pretty much useless in pan and hell?
  1702 | D:4      | 4thArraOfDagon: hi
  1702 | D:4      | 4thArraOfDagon: well its not useless completely
  1702 | D:4      | NormalPerson7: demonspawn i guess
  1702 | D:4      | 4thArraOfDagon: yea
  1702 | D:4      | 4thArraOfDagon: demonspawns, trolls, dragons, shrikes, in hell
  1702 | D:4      | 4thArraOfDagon: but these are like 10% of targets
  1702 | D:4      | NormalPerson7: ah yeah
  1702 | D:4      | 4thArraOfDagon: if I could I would probably still get it
  1702 | D:4      | NormalPerson7: ok so worth keeping basically
  1702 | D:4      | 4thArraOfDagon: extra spam is always helpful
  1702 | D:4      | 4thArraOfDagon: ye
  1702 | D:4      | NormalPerson7: ok thanks :)
  1702 | D:4      | 4thArraOfDagon: np :)
  1702 | D:4      | Reached XP level 5. HP: 27/35 MP: 6/9
  1729 | D:4      | Noticed kal9871's ghost (amateur DrTm)
  1880 | D:5      | Entered Level 5 of the Dungeon
  1880 | D:5      | Noticed a slave
  1880 | D:5      | Noticed a slave
  1880 | D:5      | Noticed a slave
  1880 | D:5      | Noticed a slave
  1890 | D:4      | Found a staircase to the Ecumenical Temple.
  2113 | D:5      | Noticed Pikel
  2210 | D:3      | Killed Pikel
  2210 | D:3      | Reached XP level 6. HP: 40/41 MP: 2/10
  2210 | D:3      | Reached XP level 7. HP: 45/46 MP: 2/11
  2372 | D:5      | Reached skill level 1 in Fighting
  2490 | D:5      | Found a radiant altar of Vehumet.
  2503 | D:5      | Got an encrusted dagger {venom}
  2504 | D:5      | Identified the +5 dagger of the Original Sin {venom, rElec} (You took it off a crimson imp on level 5 of the Dungeon)
  2828 | D:5      | Reached ** piety under Makhleb
  2959 | D:6      | Reached skill level 1 in Invocations
  3135 | D:6      | Reached XP level 8. HP: 58/58 MP: 9/12
  3463 | D:6      | Noticed Grinder
  3466 | D:6      | Paralysed by Grinder for 5 turns
  3484 | D:6      | Killed Grinder
  3488 | D:6      | Noticed Squigly's ghost (novice DECj)
  3576 | D:7      | Reached skill level 5 in Fighting
  3636 | D:7      | Found a flagged portal.
  3643 | Bailey   | Entered a bailey
  3752 | Bailey   | Reached *** piety under Makhleb
  4324 | D:7      | Reached XP level 9. HP: 66/72 MP: 10/13
  4519 | D:7      | Reached **** piety under Makhleb
  4849 | D:8      | Reached skill level 10 in Fighting
  4880 | D:8      | Found a hazy altar of Hepliaklqana.
  5007 | D:8      | Reached skill level 1 in Armour
  5333 | D:9      | Reached XP level 10. HP: 76/85 MP: 14/14
  5517 | D:9      | Reached ***** piety under Makhleb
  5631 | D:9      | Thaneod: what is source of confusing? spell?
  5838 | D:9      | 4thArraOfDagon: ye
  5838 | D:9      | Noticed a two-headed ogre
  6007 | D:9      | Reached skill level 5 in Dodging
  6086 | D:9      | Reached skill level 5 in Armour
  6124 | D:9      | Noticed a rust devil
  6129 | D:9      | Noticed a smoke demon
  6129 | D:10     | Entered Level 10 of the Dungeon
  6337 | D:10     | Noticed Sonja
  6344 | D:10     | Killed Sonja
  6344 | D:10     | Reached XP level 11. HP: 90/90 MP: 15/15
  6355 | D:10     | Noticed a two-headed ogre
  6388 | D:10     | Killed a two-headed ogre
  6411 | D:10     | Found a staircase to the Lair.
  6818 | D:11     | Noticed a two-headed ogre
  6838 | D:11     | Killed a two-headed ogre
  6869 | D:11     | EnegeticOcto: nice
  6962 | D:11     | Reached skill level 1 in Polearms
  7031 | D:11     | Reached skill level 2 in Polearms
  7037 | D:11     | Noticed Grum
  7053 | D:11     | Killed Grum
  7224 | D:12     | Noticed a two-headed ogre
  7366 | D:12     | Reached skill level 3 in Polearms
  7450 | D:12     | Noticed a harpy
  7464 | D:12     | Killed a harpy
  7464 | D:12     | Reached skill level 4 in Polearms
  7704 | D:12     | 4thArraOfDagon: patrz z jakim crapem ja chodze :D
  7704 | D:12     | Thaneod: pfff
  7769 | D:12     | Noticed Azrael
  7772 | D:11     | Thaneod: hoho
  7868 | D:10     | Thaneod: 15 minut brb
  7890 | D:11     | 4thArraOfDagon: nieeee
  7890 | D:11     | 4thArraOfDagon: chodz tu
  8097 | D:11     | Killed an unseen horror
  8097 | D:11     | Reached skill level 5 in Polearms
  8472 | D:12     | Noticed a wolf spider
  8483 | D:12     | Killed a wolf spider
  8707 | D:9      | Killed a two-headed ogre
  8707 | D:9      | Reached skill level 6 in Polearms
  8707 | D:9      | Reached XP level 12. HP: 90/97 MP: 16/16
  8756 | D:9      | Found a staircase to the Orcish Mines.
  8767 | Orc:1    | Entered Level 1 of the Orcish Mines
  8771 | Orc:1    | Noticed Nergalle
  8793 | D:9      | Killed Nergalle
  8852 | Orc:1    | Learned a level 5 spell: Borgnjor's Vile Clutch
  8938 | Orc:1    | Thaneod: jus
  8949 | Orc:2    | Entered Level 2 of the Orcish Mines
  8952 | Orc:2    | Thaneod: zabiles czerwonego?
  8968 | Orc:1    | 4thArraOfDagon: co juz, ja tu czekalem
  8987 | Orc:1    | 4thArraOfDagon: i plakalem
  9007 | Orc:1    | Thaneod: ta
  9025 | Orc:2    | Thaneod: orc 1 juz
  9162 | Orc:2    | Thaneod: gnoll fajny na poczatku, ale potem to ciezko bo nic nie ma wymaksowane
  9165 | Orc:2    | Found a staircase to the Elven Halls.
  9387 | Orc:2    | Reached skill level 7 in Polearms
  9438 | Orc:2    | Thaneod: widziales grafike tormenotra nowego?
  9483 | Orc:2    | 4thArraOfDagon: nie
  9483 | Orc:2    | 4thArraOfDagon: fajna jakas?
 10087 | Orc:2    | Thaneod: ladnie tp obeszli
 10235 | Orc:2    | Reached skill level 8 in Polearms
 10248 | Orc:2    | Found Figok's Distillery.
 10344 | Orc:2    | Found Tamyanall's Food Emporium.
 10470 | Orc:2    | 4thArraOfDagon: fajne sklepy
 10470 | Orc:2    | 4thArraOfDagon: dla mumi :)
 10481 | Orc:2    | Thaneod: nom
 10487 | Orc:2    | Thaneod: moze trove bdzie wymagalo
 10561 | Orc:2    | Noticed an orc high priest
 10565 | Orc:2    | 4thArraOfDagon: ale w trove bedzie zarcie :)
 10575 | Orc:2    | Reached skill level 9 in Polearms
 10580 | Orc:2    | Killed an orc high priest
 10750 | Orc:2    | Noticed an orc high priest
 10782 | Orc:2    | Killed an orc high priest
 10876 | Orc:2    | Noticed an orc high priest
 10876 | Orc:2    | Noticed an orc high priest
 10883 | Orc:2    | Thaneod: juz myslalem ze bdzie wojna minionow
 10894 | Orc:2    | Killed an orc high priest
 11016 | Orc:2    | Noticed an orc high priest
 11018 | Orc:2    | Killed an orc high priest
 11018 | Orc:2    | Reached skill level 10 in Polearms
 11034 | Orc:2    | Killed an orc high priest
 11074 | Orc:2    | Noticed an orc high priest
 11114 | Orc:2    | Killed an orc high priest
 11148 | Orc:2    | 4thArraOfDagon: lol
 11193 | Orc:2    | Noticed an orc high priest
 11202 | Orc:2    | 4thArraOfDagon: o fuck
 11230 | Orc:2    | Killed an orc high priest
 11246 | Orc:2    | 4thArraOfDagon: co to za czary
 11474 | Orc:2    | Noticed an orc high priest
 11493 | Orc:2    | Killed an orc high priest
 11493 | Orc:2    | Gained mutation: You are in touch with the powers of death. [Mummy growth]
 11493 | Orc:2    | Reached XP level 13. HP: 99/103 MP: 17/17
 11515 | Orc:2    | Thaneod: wreszcie sie dobrze nadzial
 11577 | Orc:2    | Found Tuptoapo's Book Boutique.
 11577 | Orc:2    | Found a one-way gate leading to the halls of Pandemonium.
 11577 | Orc:2    | Found Kexig's Antique Weapon Shop.
 11587 | Orc:2    | Reached skill level 11 in Polearms
 11593 | Orc:2    | Thaneod: death channel is worth it?
 11593 | Orc:2    | 4thArraOfDagon: naa
 11731 | Lair:1   | Entered Level 1 of the Lair of Beasts
 11793 | Lair:1   | 4thArraOfDagon: not for that price
 12011 | Lair:1   | Found a snail-covered altar of Cheibriados.
 12269 | Lair:2   | Noticed Gastronok
 12292 | Lair:2   | Killed Gastronok
 12397 | Lair:2   | Reached skill level 12 in Polearms
 12450 | Lair:2   | Found a dark tunnel.
 12461 | Volcano  | Entered a volcano
 12625 | Volcano  | Turgon: Hi - an early good dTrident, wow!
 12654 | Volcano  | Found a burning altar of Makhleb.
 12917 | Lair:2   | 4thArraOfDagon: hi
 12917 | Lair:2   | 4thArraOfDagon: yes, good start, unfortunetly nothing else!
 13000 | Lair:2   | Thaneod: a lot of pots!
 13000 | Lair:2   | 4thArraOfDagon: this is constant clutch against above-average targets
 13008 | Lair:2   | Turgon: well, +2 chain mail rF+ seems ok atm
 13089 | Lair:3   | Turgon: oh, wait, you have 11 Str
 13122 | Lair:3   | Turgon: so chain mail not that good
 13128 | Lair:3   | 4thArraOfDagon: looks good on the paper ;)
 13136 | Lair:3   | Thaneod: yeah rpois1
 13347 | Lair:3   | Reached skill level 13 in Polearms
 13453 | Lair:3   | 4thArraOfDagon: as this whole game is clutch
 13453 | Lair:3   | Thaneod: new OP spell?
 13453 | Lair:3   | 4thArraOfDagon: I will try borngjor vile clutch
 13453 | Lair:3   | 4thArraOfDagon: ye
 13453 | Lair:3   | 4thArraOfDagon: will be removed soon ( like singularity and other op temp spells :) )
 13462 | Lair:3   | Found a staircase to the Shoals.
 13519 | Lair:4   | 4thArraOfDagon: ??singularity
 13519 | Lair:4   | beem: singularity[1/1]: Level 9 Translocations. Places a monster like Fulminant Prism that draws creatures that are within its radius closer to itself, pulls harder the closer they are, and deals damage to creatures that are sufficiently close. Lasts ~6-8 turns, dependent on power. Doesn't warp allies. Removed in 0.17.
 13519 | Lair:4   | 4thArraOfDagon: its basically this, but dont atracts monsters but stops them in place
 13519 | Lair:4   | Thaneod: hmm
 13585 | Lair:4   | Found a staircase to the Snake Pit.
 13644 | Lair:4   | Thaneod: wanna se in action
 13710 | Lair:4   | Thaneod: no cooldown?
 13909 | Lair:5   | 4thArraOfDagon: idk tbh :)
 13948 | Lair:5   | 4thArraOfDagon: we will see
 14134 | Lair:5   | Reached XP level 14. HP: 110/110 MP: 18/18
 14352 | Lair:5   | Reached skill level 14 in Polearms
 14381 | Lair:5   | Reached skill level 1 in Necromancy
 14454 | Lair:5   | Reached skill level 1 in Earth Magic
 14528 | Lair:5   | Thaneod: gn
 14558 | Lair:5   | Thaneod: and good luck!
 14576 | Lair:5   | 4thArraOfDagon: gn!
 14641 | Lair:6   | Entered Level 6 of the Lair of Beasts
 14676 | Lair:6   | Found a labyrinth entrance.
 14683 | Lab      | Entered a labyrinth
 14948 | Lab      | Got an ebony lajatang
 14948 | Lab      | Got a faintly glowing shortbow
 14949 | Lab      | Identified the +11 lajatang of the Countless Stars {flame, rF+ Int+3} (You found it in a labyrinth)
 14988 | Lab      | Identified the +10 shortbow of Integrity {freeze, rElec rC+ rN+} (You found it in a labyrinth)
 15040 | Lair:6   | Found a runed door.
 15042 | Lair:6   | Found a viscous altar of Jiyva.
 15043 | Lair:6   | Found a staircase to the Slime Pits.
 15132 | Lair:6   | Reached skill level 1 in Staves
 15650 | Lair:6   | Reached skill level 5 in Spellcasting
 15800 | Lair:6   | Reached skill level 5 in Necromancy
 16165 | Lair:2   | Got a shimmering leather armour
 16176 | Lair:2   | Identified the +1 leather armour "Onguul" {Str+2} (You found it on level 2 of the Lair of Beasts)
 16354 | Elf:1    | Entered Level 1 of the Elven Halls
 16809 | Elf:3    | Entered Level 3 of the Elven Halls
 16820 | Elf:3    | Turgon: Logging in again - and suddenly it's a +11 laja of flaming
 16854 | Elf:3    | Reached XP level 15. HP: 112/115 MP: 23/23
 16895 | Elf:3    | Reached skill level 5 in Earth Magic
 16968 | Elf:3    | 4thArraOfDagon: welcome to the real world Neo
 17007 | Elf:3    | Noticed a deep elf sorcerer
 17007 | Elf:3    | Noticed a deep elf sorcerer
 17164 | Elf:2    | HP: 4/115 [fire elemental (7)]
 17337 | Elf:2    | Slain by a dire flail of protection

Vault maps used:
D:1:      roderic_chinese_lattice_arrival, minmay_small_reverse_x
D:2:      makhleb_altar_promises_db
D:3:      first_ration, grunt_decor_cap, hangedman_glass_teeth
D:4:      marbit_many_paths, minmay_temple_entry_butterflies
D:5:      vehumet_statue, kennysheep_windowed_goal, uniq_pikel
D:6:      uniq_grinder
D:7:      enter_bailey_2, grunt_livestock
D:8:      nicolae_overflow_crystal_walls
D:9:      orc_0_dummy, nicolae_straight_to_the_point
D:10:     dpeg_oklobed_lair, uniq_sonja
D:11:     minivault_19, grunt_decor_resistance, minmay_beelzebubs_servants,
          uniq_grum
D:12:     minmay_isolated_rectangles_in_corner, nicolae_trove_entry_free_sample,
          uniq_azrael
Lair:1:   nicolae_quartered_pool_little, kennysheep_snail_temple,
          lemuel_fruit_fields
Lair:2:   nicolae_volcano_entry_vermiform, uniq_gastronok
Lair:3:   elwin_shoals_entry_rocks, minmay_holes
Lair:4:   dummy_snake_entry, infiniplex_staircase_pool
Lair:5:   minmay_lair_oklob_chamber
Lair:6:   hangedman_lair_caniforms_friends, guppyfry_lair_end_dragon,
          slime_altar_2, lab_entry_generic, serial_bayou_lagoon_b
Orc:1:    uniq_nergalle
Orc:2:    pf_orc_diabolical
Elf:1:    kennysheep_underground_church, glass_columns_c, uniq_louise
Elf:2:    basic_altar, serial_shops, shop
Elf:3:    minmay_elf_hall_curves, grunt_ministairs_14
Lab:      labyrinth_hidden_loot, nicolae_lab_garden, nicolae_lab_blocks,
          nicolae_lab_big_swirl, labyrinth_glass_1, nicolae_lab_grate_2,
          nicolae_lab_checkerboard, nicolae_lab_flowing_pool, nicolae_lab_stuck
Bailey:   bailey_axe_2, bailey
Volcano:  volcano_grotto

Skill      XL: |  1  2  3  4  5  6  7  8  9 10 11 12 13 14 15 |
---------------+----------------------------------------------+-----
Short Blades   | 1 2 3 4 |  4.0
Hexes          | 6 |  6.3
Fighting       | 3 7 10 | 10.1
Invocations    | 2 4 |  4.0
Dodging        | 2 6 7 |  7.4
Armour         | 2 6 7 |  7.1
Polearms       | 6 10 13 14 | 14.0
Necromancy     | 5 6 |  6.4
Spellcasting   | 5 6 |  6.3
Earth Magic    | 4 5 |  5.4
Staves         | 4 |  4.7
Stealth        | |  2.4

Action                   |  1- 3 |  4- 6 |  7- 9 | 10-12 | 13-15 || total
-------------------------+-------+-------+-------+-------+-------++-------
Melee: Dagger            |    71 |    75 |   453 |   881 |    26 ||  1506
       Demon trident     |       |       |       |   166 |   751 ||   917
       Lajatang          |       |       |       |       |   385 ||   385
 Fire: Blowgun           |       |       |       |     6 |       ||     6
 Cast: Corona            |     4 |       |       |     1 |       ||     5
       Ensorcelled Hiber |    16 |    10 |    46 |    45 |       ||   117
       Confuse           |       |     3 |     9 |    11 |       ||    23
Invok: Lesser Servant of |       |       |       |    36 |    32 ||    68
       Minor Destruction |       |       |       |     2 |       ||     2
Evoke: Wand              |       |       |       |    20 |       ||    20
  Use: Scroll            |       |       |     6 |    15 |    13 ||    34
 Stab: Sleeping          |    15 |     8 |    31 |    25 |     5 ||    84
       Confused          |       |     1 |     4 |     2 |       ||     7
       Paralysed         |       |       |       |     2 |       ||     2
       Distracted        |       |       |       |     6 |       ||     6
Armor: Robe              |    13 |     4 |     6 |       |       ||    23
       Leather armour    |       |       |    53 |   164 |    13 ||   230
       Troll leather arm |       |       |       |    66 |   319 ||   385
       Chain mail        |       |       |       |       |     5 ||     5
Dodge: Dodged            |    25 |    36 |   209 |   569 |   670 ||  1509

Table legend:
 A = Spawn XP
 B = Non-spawn XP
 C = Spawn XP percentage of total XP
 D = Spawn monster count
 E = Non-spawn monster count
 F = Spawn count percentage of total count
 G = Total turns spent on level
                    A         B        C        D         E        F      G
               +---------+---------+-------+---------+---------+-------+---------
         Total |       0 |  112434 |   0.0 |       0 |     678 |   0.0 | 17337
               +---------+---------+-------+---------+---------+-------+---------
           D:1 |       0 |      16 |   0.0 |       0 |      10 |   0.0 |   482
           D:2 |       0 |      15 |   0.0 |       0 |       8 |   0.0 |   628
           D:3 |       0 |     652 |   0.0 |       0 |      11 |   0.0 |   439
           D:4 |       0 |     224 |   0.0 |       0 |      12 |   0.0 |   602
           D:5 |       0 |     235 |   0.0 |       0 |      24 |   0.0 |   757
           D:6 |       0 |     723 |   0.0 |       0 |      28 |   0.0 |   597
           D:7 |       0 |    2253 |   0.0 |       0 |      34 |   0.0 |   735
           D:8 |       0 |     944 |   0.0 |       0 |      15 |   0.0 |   410
           D:9 |       0 |    5444 |   0.0 |       0 |      45 |   0.0 |  1106
          D:10 |       0 |    3898 |   0.0 |       0 |      18 |   0.0 |   568
          D:11 |       0 |    4921 |   0.0 |       0 |      42 |   0.0 |  1379
          D:12 |       0 |    3410 |   0.0 |       0 |      26 |   0.0 |   621
        Lair:1 |       0 |    4724 |   0.0 |       0 |      22 |   0.0 |   530
        Lair:2 |       0 |    4285 |   0.0 |       0 |      14 |   0.0 |   469
        Lair:3 |       0 |    5377 |   0.0 |       0 |      18 |   0.0 |   521
        Lair:4 |       0 |    3189 |   0.0 |       0 |      17 |   0.0 |   433
        Lair:5 |       0 |   11300 |   0.0 |       0 |      41 |   0.0 |   759
        Lair:6 |       0 |   18442 |   0.0 |       0 |      91 |   0.0 |  1047
         Orc:1 |       0 |     518 |   0.0 |       0 |      12 |   0.0 |   315
         Orc:2 |       0 |   16285 |   0.0 |       0 |      94 |   0.0 |  2591
         Elf:1 |       0 |    7158 |   0.0 |       0 |      16 |   0.0 |   445
         Elf:2 |       0 |    3635 |   0.0 |       0 |       5 |   0.0 |   189
         Elf:3 |       0 |    7455 |   0.0 |       0 |      13 |   0.0 |   349
           Lab |       0 |    2595 |   0.0 |       0 |       9 |   0.0 |   308
        Bailey |       0 |     350 |   0.0 |       0 |      34 |   0.0 |   602
       Volcano |       0 |    4386 |   0.0 |       0 |      19 |   0.0 |   455
               +---------+---------+-------+---------+---------+-------+---------
